 Dungeon Crawl Stone Soup version 0.26-a0-224-g2964c8cf50 (webtiles) character file.

Game seed: 1782972056649324017

431 vurker the Gusty (level 6, -1/36 HPs)
             Began as a Tengu Air Elementalist on July 6, 2020.
             Was an Initiate of Vehumet.
             Slain by a bullfrog (9 damage)
             ... on level 6 of the Dungeon.
             The game lasted 00:06:44 (4769 turns).

vurker the Gusty (Tengu Air Elementalist)           Turns: 4769, Time: 00:06:44

Health: -1/36      AC:  2    Str:  9    XL:     6   Next: 99%
Magic:  12/12      EV: 15    Int: 17    God:    Vehumet [......]
Gold:   231        SH:  0    Dex: 14    Spells: 1/11 levels left

rFire    . . .     SeeInvis .   d - +0 short sword (venom)
rCold    . . .     Faith    .   (no shield)
rNeg     . . .     Spirit   .   a - +0 robe
rPois    .         Reflect  .   (helmet restricted)
rElec    .         Harm     .   (no cloak)
rCorr    .                      (no gloves)
MR       .....                  (boots unavailable)
Stlth    ++........             (no amulet)
HPRegen  0.12/turn              (no ring)
MPRegen  0.13/turn              (no ring)

@: about to teleport, flying quickly and evasively, quick
A: beak, talons 3, able to fly
a: Stop Flying, Renounce Religion


You were on level 6 of the Dungeon.
You worshipped Vehumet.
Vehumet was noncommittal.
You were not hungry.

You visited 2 branches of the dungeon, and saw 7 of its levels.

You collected 231 gold pieces.

Inventory:

Hand Weapons
 d - a +0 short sword of venom (weapon)
   (You took it off a kobold on level 1 of the Dungeon)
Armour
 a - a +0 robe (worn)
 m - a +0 cloak
   (You found it on level 2 of the Dungeon)
Wands
 t - a wand of flame (19)
   (You found it on level 5 of the Dungeon)
Scrolls
 b - 3 scrolls of remove curse
 f - 4 scrolls of teleportation
 j - 5 scrolls of identify {unknown}
 k - a scroll of enchant weapon {unknown}
 o - a scroll of fog {unknown}
Potions
 c - a potion of berserk rage {unknown}
 g - a potion of invisibility {unknown}
 h - 3 potions of curing {unknown}
 i - a potion of degeneration {unknown}
 l - a potion of brilliance {unknown}
 n - a potion of haste {unknown}
 p - a potion of might {unknown}
 q - a potion of stabbing {unknown}
 r - a potion of cancellation {unknown}
Comestibles
 e - 6 rations


   Skills:
 + Level 2.7 Fighting
 - Level 2.1 Dodging
 - Level 2.0 Stealth
 + Level 3.3 Spellcasting
 + Level 4.6 Conjurations
 * Level 6.9 Air Magic


You had one spell level left.
You knew the following spells:

 Your Spells              Type           Power        Failure   Level
a - Shock                 Conj/Air       ###.         1%          1
b - Lightning Bolt        Conj/Air       ###.......   41%         5
c - Airstrike             Air            ####......   10%         4

Your spell library contained the following spells:

 Spells                   Type           Power        Failure   Level
 Foxfire                  Conj/Fire      ##..         7%          1
 Static Discharge         Conj/Air       ###.....     4%          3
 Swiftness                Chrm/Air       ##......     6%          2
 Cause Fear               Hex            #.........   86%         4
 Dragon Form              Tmut           #.........   100%        7
 Dragon's Call            Summ           #.........   100%        9


Dungeon Overview and Level Annotations

Branches:
Dungeon (6/15)             Temple (1/1) D:6

Altars:
Ashenzari
Cheibriados
Dithmenos
Elyvilon
Fedhas
Gozag
Hepliaklqana
Kikubaaqudgha
Nemelex Xobeh
Okawaru
Qazlal
Ru
Trog
Uskayaw
Vehumet
Wu Jian
Xom
Yredelemnul
Zin
The Shining One


Innate Abilities, Weirdness & Mutations

You have a beak for a mouth.
You have claws for feet.
You can fly continuously.


Message History

Found a blossoming altar of Fedhas.
Found an ornate altar of the Wu Jian Council.
Found two altars.
Found a hazy altar of Hepliaklqana.
Found a bloodstained altar of Trog.
Found an iron altar of Okawaru.
Found a white marble altar of Elyvilon.
Found a glowing silver altar of Zin.
Found a basalt altar of Yredelemnul.
There is a sparkling altar of Nemelex Xobeh here.
Done exploring.
Done exploring.
There is a staircase back to the Dungeon here.
You fly upwards.
Welcome back to the Dungeon!
A bullfrog comes into view.
The ogre hits you with a +0 giant club!!
Ouch! That really hurt!
* * * LOW HITPOINT WARNING * * *
The worker ant closely misses you. x2
There is a staircase to the Ecumenical Temple, spattered with blood here.
An adder comes into view.
The worker ant misses you.
You see here a book of Air.
The worker ant bites you.
* * * LOW HITPOINT WARNING * * *
There is a staircase to the Ecumenical Temple, spattered with blood here.
You see here 9 gold pieces.
The bullfrog barely misses you.
An orc comes into view.
The orc shouts!
The bullfrog barely misses you.
An orc comes into view. It is wielding a -1 hand axe.
The orc shouts!
The worker ant closely misses you. The adder bites you but does no damage.
An orc comes into view.
The bullfrog barely misses you.
As you read the scroll labeled QARAPE WAST, it crumbles to dust.
You feel strangely unstable.
It was a scroll of teleportation.
The adder closely misses you.
A worker ant comes into view.
The worker ant closely misses you. The bullfrog closely misses you.
The adder barely misses you. The worker ant bites you.
* * * LOW HITPOINT WARNING * * *
An orc warrior and an orc wizard come into view.
The orc shouts!
The orc misses you.
An orc comes into view. It is wielding a +0 mace.
The orc shouts!
The adder barely misses you. The bullfrog hits you!
You die...

.... .o
#.#o#######.#
...........o#
#...o.....a#
+........o#
#.........#
#......o..#
#.....@F..#
#......S..#
#.....(aO.#
#.........#
####.....##
####...:.$.#
..........>..#
######...).%##
#...####


You could see an orc warrior, an ogre, a bullfrog, 2 worker ants, an orc wizard,
an adder and 4 orcs.

Vanquished Creatures
  2 scorpions (D:4)
  A howler monkey (D:4)
  2 hounds
  An orc priest (D:4)
  A centaur skeleton (D:4)
  An orc wizard (D:5)
  3 gnolls (D:4)
  3 adders
  A white imp (D:5)
  An ooze (D:3)
  A worm (D:3)
  2 leopard geckos
  10 orcs
  A giant cockroach (D:4)
  6 goblins
  9 hobgoblins
  2 jackals (D:2)
  4 kobolds
  6 bats
  5 frilled lizards
  A quokka zombie (D:5)
  8 rats
71 creatures vanquished.

Notes
Turn   | Place    | Note
-------+----------+-------------------------------------------
     0 | D:1      | vurker the Tengu Air Elementalist began the quest for the
                  | Orb.
     0 | D:1      | Reached XP level 1. HP: 10/10 MP: 4/4
   273 | D:1      | Reached XP level 2. HP: 16/16 MP: 3/6
   380 | D:1      | You fall into a shaft and drop 1 floor!
   619 | D:2      | Reached XP level 3. HP: 20/20 MP: 5/7
   772 | D:2      | Reached skill level 1 in Fighting
  1015 | D:2      | Reached XP level 4. HP: 25/25 MP: 5/8
  1517 | D:1      | You fall into a shaft and drop 1 floor!
  1975 | D:3      | Reached skill level 5 in Air Magic
  2010 | D:3      | Found a shadowy altar of Dithmenos.
  2989 | D:4      | Gained mutation: You can fly continuously. [Tengu growth]
  2989 | D:4      | Reached XP level 5. HP: 29/29 MP: 1/9
  3131 | D:4      | Learned a level 5 spell: Lightning Bolt
  3330 | D:4      | Reached skill level 6 in Air Magic
  3607 | D:4      | Reached XP level 6. HP: 20/35 MP: 4/11
  3764 | D:4      | Learned a level 4 spell: Airstrike
  4076 | D:4      | Found a sacrificial altar of Ru.
  4078 | D:4      | Found a radiant altar of Vehumet.
  4078 | D:4      | Found a shattered altar of Ashenzari.
  4087 | D:4      | Became a worshipper of Vehumet
  4271 | D:5      | Entered Level 5 of the Dungeon
  4485 | D:5      | Found a stormy altar of Qazlal.
  4589 | D:5      | You are sucked into a shaft and drop 1 floor!
  4589 | D:6      | Found a staircase to the Ecumenical Temple.
  4594 | Temple   | Entered the Ecumenical Temple
  4768 | D:6      | Noticed an orc warrior
  4769 | D:6      | Slain by a bullfrog

Illustrated notes

Levels and vault maps discovered:
D:1:      roderic_crossed_star, layout_loops_ring, patterned_corridor
D:2:      layout_basic, minmay_between
D:3:      layout_basic, old_standard_altar, first_ration
D:4:      layout_basic, chequers_temple_overflow_statue_of_worship
D:5:      cheibrodos_quashed, layout_layer_cave, led_sif_book,
          lightli_temple_of_fire, nicolae_qazlal_eye_of_the_storm, uniq_duvessa,
          uniq_ijyb, uniq_menkaure
D:6:      minmay_klotski, layout_basic, minmay_temple_entry_offerings,
          serial_shops, shop
Temple:   nicolae_temple_elliptical

Skill      XL: |  1  2  3  4  5 |
---------------+----------------+-----
Conjurations   | 2 3 4 |  4.6
Fighting       | 1 2 |  2.7
Air Magic      | 5 6 |  6.9
Spellcasting   | 3 |  3.3
Dodging        | |  2.1
Stealth        | |  2.0

Action                   |  1- 3 |  4- 6 || total
-------------------------+-------+-------++-------
Melee: Short sword       |     8 |     1 ||     9
       Kick              |       |     1 ||     1
       Peck              |       |     1 ||     1
 Cast: Shock             |    40 |   130 ||   170
 Abil: Fly               |       |     1 ||     1
  Use: Scroll            |       |     2 ||     2
  Eat: Ration            |       |     4 ||     4
Armor: Robe              |    10 |     5 ||    15
Dodge: Dodged            |    13 |    22 ||    35

Table legend:
 A = Non-vault XP
 B = Vault XP
 C = Vault XP percentage of total XP
 D = Non-vault monster count
 E = Vault monster count
 F = Vault count percentage of total count
                 A         B        C        D         E       F
            +---------+---------+-------+---------+---------+-------
      Total |     609 |       7 |   1.1 |      68 |       3 |   4.2
            +---------+---------+-------+---------+---------+-------
        D:1 |      18 |       0 |   0.0 |      11 |       0 |   0.0
        D:2 |      74 |       7 |   8.6 |      14 |       3 |  17.6
        D:3 |      50 |       0 |   0.0 |      18 |       0 |   0.0
        D:4 |     382 |       0 |   0.0 |      14 |       0 |   0.0
        D:5 |      85 |       0 |   0.0 |      11 |       0 |   0.0
            +---------+---------+-------+---------+---------+-------
